 Dungeon Crawl Stone Soup version 0.25-a0-578-gc91f01c39c (webtiles) character file.

Game seed: 2639804133383594416, levelgen mode: deterministic

42 Lugonue the Scratcher (level 3, -4/15 HPs)
             Began as a Felid Transmuter on Mar 3, 2020.
             Splashed by a jelly's acid (9 damage)
             ... on level 3 of the Dungeon.
             The game lasted 00:03:41 (2433 turns).

Lugonue the Scratcher (Felid Transmuter)            Turns: 2433, Time: 00:03:41

Health: -4/15      AC:  1    Str:  6    XL:     3   Next: 33%
Magic:  1/7        EV: 18    Int: 15    God:
Gold:   91         SH:  0    Dex: 16    Spells: 2/6 levels left
                                        Lives:  0   Deaths: 1

rFire    . . .     SeeInvis +     - Unarmed
rCold    . . .     Gourm    .   (shield unavailable)
rNeg     . . .     Faith    .   (armour unavailable)
rPois    .         Spirit   .   (helmet unavailable)
rElec    .         Reflect  .   (cloak unavailable)
rCorr    .         Harm     .   (gloves unavailable)
MR       .....                  (boots unavailable)
Stlth    ++........             (no amulet)
HPRegen  0.05/turn              (no ring)
MPRegen  0.10/turn              (no ring)

@: very slightly contaminated, quick
A: very small, no armour, no weapons or thrown items, stealth, claws 1, fangs 3,
see invisible, carnivore, speed 1, shaggy fur 1, slow metabolism 1, sharp paws
a: no special abilities


You were on level 3 of the Dungeon.
You were not hungry.

You visited 1 branch of the dungeon, and saw 3 of its levels.

You collected 91 gold pieces.

Inventory:

Missiles
 a - 22 arrows
Wands
 i - a wand of acid (6)
Scrolls
 b - a scroll of noise {unknown}
 e - a scroll of amnesia {unknown}
 j - a scroll of magic mapping {unknown}
Potions
 d - a potion of invisibility
 g - a potion of magic
 h - a potion of lignification
 k - a potion of stabbing {unknown}
Comestibles
 c - a ration


   Skills:
 + Level 1.1 Fighting
 + Level 3.3 Dodging
 + Level 1.2 Stealth
 + Level 4.2 Unarmed Combat
 + Level 2.4 Spellcasting
 + Level 2.5 Transmutations
 + Level 0.2 Poison Magic


You had 2 spell levels left.
You knew the following spells:

 Your Spells              Type           Power        Failure   Level  Hunger
a - Beastly Appendage     Tmut           #.....       8%          1    #......
b - Spider Form           Tmut/Pois      #.........   34%         3    ###....

Your spell library contained the following spells:

 Spells                   Type           Power        Failure   Level  Hunger
 Sticks to Snakes         Tmut           #.......     12%         2    ###....
 Ice Form                 Ice/Tmut       #.......     77%         4    #####..
 Blade Hands              Tmut           #.........   91%         5    ######.


Dungeon Overview and Level Annotations

Branches:
Dungeon (3/15)

Altars:

Annotations:
D:2 Sigmund, Terence


Innate Abilities, Weirdness & Mutations

You cannot wear armour.
You are incapable of wielding weapons or throwing items.
Your paws allow you to move quietly. (Stealth)
You have sharp claws.
You have razor-sharp teeth.
You have supernaturally acute eyesight. (SInv)
You are carnivorous and can eat meat at any time.
You cover ground quickly.
You are covered in fur. (AC +1)
You have a slow metabolism.
Your sharp claws are effective at attacking unaware monsters.


Message History

You start resting.
The jelly is too close now for your liking.
A jelly is nearby!
A jelly is nearby!
A jelly is nearby!
Casting: Spider Form (safe; 34% risk of failure)
Confirm with . or Enter, or press ? or * to list all spells.
You miscast Spider Form.
You are very lightly contaminated with residual magic.
You feel mildly nauseous.
The jelly quivers.
The jelly misses you.
You scratch the jelly.
Your paws burn!
The jelly is lightly wounded.
The jelly misses you.
You claw the jelly!
Your paws burn!
The jelly is heavily wounded.
The jelly hits you.
You are splashed with acid!
Ouch! That really hurt!
You die...

......# #..#.# #....# #. #..###
#.. ##### ####..### #..
...#######..)....# #..
#.......#.##..#.# #####.. ###
#......<#.##..#.####......
##.###........@J...............
##.#.##.......#.##[##.####......
#.#...........#.##.##.# ###>#..
##.....<...####.......# #.#..
##.#.####.......#.#### #.#..
#.#.#.......##.#.# #.#..
#.....##.##......# #....
###.####.#####.### #####
#.####.......#


You could see a jelly.

Vanquished Creatures
  Natasha (D:2)
  A gnoll (D:1)
  2 adders (D:2)
  An ooze (D:1)
  2 worms (D:2)
  A dart slug (D:3)
  2 leopard geckos (D:2)
  An orc (D:3)
  3 giant cockroaches
  A goblin (D:1)
  3 hobgoblins (D:1)
  A kobold (D:2)
  4 frilled lizards
  3 rats (D:1)
26 creatures vanquished.

Notes
Turn   | Place    | Note
-------+----------+-------------------------------------------
     0 | D:1      | Lugonue the Felid Transmuter began the quest for the Orb.
     0 | D:1      | Reached XP level 1. HP: 9/9 MP: 4/4
   222 | D:1      | Reached XP level 2. HP: 8/12 MP: 6/6
   792 | D:1      | You fall into a shaft and drop 1 floor!
   860 | D:3      | Reached XP level 3. HP: 9/15 MP: 7/7
   867 | D:3      | Learned a level 3 spell: Spider Form
  1543 | D:2      | Reached skill level 4 in Unarmed Combat
  1873 | D:2      | Reached skill level 1 in Stealth
  1921 | D:2      | Noticed Natasha
  1938 | D:2      | Noticed Sigmund
  2162 | D:2      | Killed Natasha
  2162 | D:2      | Reached XP level 4. HP: 11/19 MP: 4/8
  2332 | D:2      | Killed from afar by Sigmund
  2333 | D:2      | Reached XP level 3. HP: -5/15 MP: 7/7
  2395 | D:2      | Noticed Terence
  2433 | D:3      | Splashed by a jelly's acid

Levels and vault maps discovered:
D:1:      matt_arrival_diagonals, layout_loops_corners, hangedman_glass_garden
D:2:      layout_loops_ring, serial_park_tiny_1, uniq_sigmund, uniq_natasha,
          uniq_terence
D:3:      layout_loops_cross, feat_on_display

Skill      XL: |  1  2  3 |
---------------+----------+-----
Dodging        | 3 |  3.3
Unarmed Combat | 4 |  4.2
Stealth        | 1 |  1.2
Fighting       | |  1.1
Spellcasting   | |  2.4
Transmutations | |  2.5
Poison Magic   | |  0.2

Action                   |  1- 3 |  4- 6 || total
-------------------------+-------+-------++-------
Melee: Unarmed           |    98 |     5 ||   103
       Bite              |     8 |       ||     8
       Headbutt          |     1 |       ||     1
 Cast: Beastly Appendage |     2 |       ||     2
       Spider Form       |     8 |     1 ||     9
 Abil: End Transformatio |     2 |       ||     2
  Use: Scroll            |     4 |       ||     4
       Potion            |     1 |       ||     1
 Stab: Sleeping          |     3 |       ||     3
  Eat: Chunk             |     5 |     2 ||     7
Armor: Skin              |     5 |       ||     5
Dodge: Dodged            |    99 |     5 ||   104

Table legend:
 A = Non-vault XP
 B = Vault XP
 C = Vault XP percentage of total XP
 D = Non-vault monster count
 E = Vault monster count
 F = Vault count percentage of total count
                 A         B        C        D         E       F
            +---------+---------+-------+---------+---------+-------
      Total |      95 |      35 |  26.9 |      25 |       1 |   3.8
            +---------+---------+-------+---------+---------+-------
        D:1 |      36 |       0 |   0.0 |      11 |       0 |   0.0
        D:2 |      49 |      35 |  41.7 |      10 |       1 |   9.1
        D:3 |      10 |       0 |   0.0 |       4 |       0 |   0.0
            +---------+---------+-------+---------+---------+-------
